 Dungeon Crawl Stone Soup version 0.22.0-38-g04b72b8c25 (webtiles) character file.

18 Honti the Firebug (level 2, 23/23 HPs)
             Began as a Draconian Fire Elementalist on Aug 19, 2018.
             Quit the game on level 2 of the Dungeon on Aug 26, 2018.
             The game lasted 00:05:10 (1368 turns).

Honti the Firebug (Draconian Fire Elementalist)     Turns: 1368, Time: 00:05:11

Health: 23/23      AC:  5    Str: 10    XL:     2   Next: 48%
Magic:  5/5        EV: 12    Int: 15    God:
Gold:   37         SH:  0    Dex: 11    Spells: 2/5 levels left

rFire    . . .     SeeInvis .   f - +3 short sword
rCold    . . .     Gourm    .   (no shield)
rNeg     . . .     Faith    .   (armour unavailable)
rPois    .         Spirit   .   (helmet restricted)
rElec    .         Reflect  .   (no cloak)
rCorr    .         Harm     .   g - +0 pair of gloves
MR       .....                  (no boots)
Stlth    ++........             (no amulet)
HPRegen  0.07/turn              (no ring)
MPRegen  0.09/turn              (no ring)

@: no status effects
A: unfitting armour, cold-blooded, AC +4
a: no special abilities


You were on level 2 of the Dungeon.
You were not hungry.

You visited 1 branch of the dungeon, and saw 2 of its levels.

You collected 37 gold pieces.

Inventory:

Hand Weapons
 d - a +0 dagger
 f - a +3 short sword (weapon)
Armour
 g - a +0 pair of gloves (worn)
Jewellery
 i - a cursed ring of attention {unknown}
Scrolls
 e - 3 scrolls of remove curse {unknown}
 h - a scroll of fear {unknown}
 j - a scroll of blinking {unknown}
Potions
 c - a potion of curing {unknown}
 k - a potion of degeneration {unknown}
 l - a potion of mutation {unknown}
Comestibles
 b - 7 rations


   Skills:
 * Level 1.0 Fighting
 + Level 2.0 Dodging
 - Level 1.7 Stealth
 + Level 2.2 Spellcasting
 + Level 1.0 Conjurations
 + Level 3.3 Fire Magic


You had 2 spell levels left.
You knew the following spells:

 Your Spells              Type           Power        Failure   Level  Hunger
a - Flame Tongue          Conj/Fire      #....        9%          1    #......
b - Throw Flame           Conj/Fire      #.....       14%         2    ###....

Your spell library contained the following spells:

 Spells                   Type           Power        Failure   Level  Hunger
 Conjure Flame            Conj/Fire      #.......     26%         3    ###....
 Inner Flame              Hex/Fire       #.......     32%         3    ###....
 Sticky Flame             Conj/Fire      #.......     65%         4    #####..
 Fireball                 Conj/Fire      #.........   94%         5    ######.


Dungeon Overview and Level Annotations

Branches:
Dungeon (2/15)

Altars:


Innate Abilities, Weirdness & Mutations

Your plain brown scales are hard. (AC +4)
You cannot fit into any form of body armour.
You are cold-blooded and may be slowed by cold attacks.


Message History

l - a viscous ruby potion Some of the chunks of flesh in your inventory have rotted away.
b - 7 rations (gained 1) Eat a chunk of flesh? (ye/n/q)
You eat the chunk of flesh.
This raw flesh tastes terrible.
Found an escape hatch in the ceiling.
There is an escape hatch in the ceiling here.
Wield which item (- for none, * to show all)? (? for menu, Esc to quit)
Okay, then.
Save game and exit?
Welcome back, Honti the Draconian Fire Elementalist.
Press ? for a list of commands and other information.
Your movement speed is average.
Your attack speed is below average.
Quiver which item? (- for none, * to show all) (? for menu, Esc to quit)
Okay, then.
Unknown command.
Quiver which item? (- for none, * to show all) (? for menu, Esc to quit)
Okay, then.
Unknown command.
Are you sure you want to abandon this character and quit the game? (Confirm with "yes".)

######
#.##########......
.......@<....#
#.#########..#
#..# #..######
#######........
##......#.######
#.......+...
#.......#.#..#
#.......+.#..#


There were no monsters in sight!

Vanquished Creatures
  A dart slug (D:1)
  2 bats
  3 goblins (D:1)
  3 hobgoblins (D:1)
  2 jackals (D:1)
  A kobold (D:1)
  A ball python (D:1)
  A frilled lizard (D:1)
14 creatures vanquished.

Notes
Turn   | Place    | Note
-------+----------+-------------------------------------------
     0 | D:1      | Honti the Draconian Fire Elementalist began the quest for the Orb.
     0 | D:1      | Reached XP level 1. HP: 14/14 MP: 3/3
   315 | D:1      | Reached XP level 2. HP: 22/22 MP: 1/5
   366 | D:1      | Learned a level 2 spell: Throw Flame
  1345 | D:2      | Reached skill level 1 in Fighting
  1368 | D:2      | Upgraded the game from 0.22.0-21-g8bd1b0a76a to 0.22.0-38-g04b72b8c25
  1368 | D:2      | Quit the game

Skill      XL: |  1  2 |
---------------+-------+-----
Dodging        | 2 |  2.0
Fighting       | 1 |  1.0
Stealth        | |  1.7
Spellcasting   | |  2.2
Conjurations   | |  1.0
Fire Magic     | |  3.3

Action                   || total
-------------------------++-------
Melee: Dagger            ||     1
       Short sword       ||    28
       Tailslap          ||     1
 Cast: Flame Tongue      ||    13
 Stab: Sleeping          ||     3
  Eat: Chunk             ||     2
Armor: Skin              ||    17
Dodge: Dodged            ||    27
